 Dungeon Crawl Stone Soup version 0.21-a0-278-ga722497 (webtiles) character file.

36 Qdwadwwwq the Insei (level 3, -1/23 HPs)
             Began as an Octopode Transmuter on Sept 23, 2017.
             Slain by a goblin (3 damage)
             ... on level 1 of the Dungeon.
             The game lasted 00:01:28 (689 turns).

Qdwadwwwq the Insei (Octopode Transmuter)            Turns: 689, Time: 00:01:29

Health: -1/23      AC:  1    Str:  9    XL:     3   Next: 37%
Magic:  6/6        EV: 13    Int: 15    God:
Gold:   39         SH:  0    Dex: 13    Spells: 5/6 levels left

rFire    . . .     SeeInvis .     - Unarmed
rCold    . . .     Gourm    .   (no shield)
rNeg     . . .     Faith    .   (helmet restricted)
rPois    .         Spirit   .   (no amulet)
rElec    .         Reflect  .   (no ring)
rCorr    .         Harm     .   (no ring)
MR       .....                  (no ring)
Stlth    ++........             (no ring)
HPRegen  0.07/turn              (no ring)
MPRegen  0.10/turn              (no ring)
                                (no ring)
                                (no ring)

@: no status effects
A: almost no armour, stealthy swim, amphibious, 8 rings, constrict 8, camouflage
1, gelatinous body 1
a: no special abilities


You were on level 1 of the Dungeon.
You were not hungry.

You visited 1 branch of the dungeon, and saw 1 of its levels.

You collected 39 gold pieces.

Inventory:

Missiles
 a - 26 arrows
Potions
 d - a potion of might {unknown}
 e - a potion of invisibility {unknown}
Books
 b - a book of Changes

   Spells                             Type                      Level
   a - Beastly Appendage              Transmutation                1
   b - Sticks to Snakes               Transmutation                2
   c - Spider Form                    Transmutation/Poison         3
   d - Ice Form                       Ice/Transmutation            4
   e - Blade Hands                    Transmutation                5
Comestibles
 c - a bread ration
 f - 5 chunks of flesh


   Skills:
 - Level 1.0 Fighting
 - Level 2.0 Dodging
 + Level 4.3 Unarmed Combat
 - Level 2.0 Spellcasting
 - Level 2.0 Transmutations


You had 5 spell levels left.
You knew the following spells:

 Your Spells              Type           Power        Failure   Level  Hunger
a - Beastly Appendage     Tmut           #.....       10%         1    #......


Dungeon Overview and Level Annotations

Branches:
Dungeon (1/15)

Altars:


Innate Abilities, Weirdness & Mutations

You cannot wear most types of armour.
You are very stealthy in the water. (Stealth+)
You are amphibious.
You can wear up to eight rings at the same time.
You can use your tentacles to constrict eight enemies at once.
Your skin changes colour to match your surroundings (Stealth+).
Your rubbery body absorbs attacks. (AC +1, EV +1)


Message History

The goblin completely misses you.
You tentacle-slap the leopard gecko but do no damage.
The leopard gecko is moderately wounded.
You constrict the leopard gecko. The leopard gecko bites you.
You tentacle-slap the leopard gecko.
The leopard gecko is severely wounded.
You constrict the leopard gecko. The goblin misses you.
The leopard gecko bites you.
You tentacle-slap the leopard gecko.
You kill the leopard gecko!
The goblin closely misses you.
You closely miss the goblin. Your grab misses the goblin.
Your squeeze misses the goblin. The kobold hits you but does no damage.
The goblin barely misses you.
You tentacle-slap the goblin. You grab the goblin.
The goblin is moderately wounded.
You constrict the goblin. The kobold hits you with a short sword!
* * * LOW HITPOINT WARNING * * *
The goblin hits you.
You die...

............# #..##.
............# #..##.
............###..##.
...................
...........###..)##
#..........###.#.##
##########.....#.#.
##########.....#.#.
.######g@............#...
......sK##......##...#...
.....?..###....###...#.##
......... ##..## ..#.#.#<
.......... #### ...(...#.
........... ....##.#.
...........# ....##.#.
#######...## .###.##
#..## #


You could see a giant cockroach, a goblin and a kobold.

Vanquished Creatures
  A gnoll (D:1)
  A dart slug (D:1)
  2 leopard geckos (D:1)
  A giant cockroach (D:1)
  A goblin (D:1)
  A hobgoblin (D:1)
  7 jackals (D:1)
  2 frilled lizards (D:1)
  3 kobolds (D:1)
  2 rats (D:1)
21 creatures vanquished.

Notes
Turn   | Place    | Note
-------+----------+-------------------------------------------
     0 | D:1      | Qdwadwwwq the Octopode Transmuter began the quest for the Orb.
     0 | D:1      | Reached XP level 1. HP: 13/13 MP: 3/3
    48 | D:1      | Reached XP level 2. HP: 10/18 MP: 5/5
   350 | D:1      | Reached skill level 4 in Unarmed Combat
   497 | D:1      | Reached XP level 3. HP: 23/23 MP: 6/6
   689 | D:1      | Slain by a goblin

Vault maps used:
D:1:      minmay_arrival_loop, minmay_stone_trees_small, roderic_roman_lattice,
          minivault_19

Skill      XL: |  1  2 |
---------------+-------+-----
Unarmed Combat | 4 |  4.3
Fighting       | |  1.0
Dodging        | |  2.0
Spellcasting   | |  2.0
Transmutations | |  2.0

Action                   || total
-------------------------++-------
Melee: Unarmed           ||    50
       Constrict         ||    17
       Tentacles         ||     7
       Punch             ||     2
 Stab: Sleeping          ||     1
Armor: Skin              ||     5
Dodge: Dodged            ||    30

Table legend:
 A = Spawn XP
 B = Non-spawn XP
 C = Spawn XP percentage of total XP
 D = Spawn monster count
 E = Non-spawn monster count
 F = Spawn count percentage of total count
 G = Total turns spent on level
                    A         B        C        D         E        F      G
               +---------+---------+-------+---------+---------+-------+---------
         Total |       0 |      52 |   0.0 |       0 |      21 |   0.0 |   689
               +---------+---------+-------+---------+---------+-------+---------
           D:1 |       0 |      52 |   0.0 |       0 |      21 |   0.0 |   689
               +---------+---------+-------+---------+---------+-------+---------
